 Dungeon Crawl Stone Soup version 0.31-a0-1074-g0b22e4e0f1 (webtiles) character file.

Game seed: 3775431991316703049

31096 tbh1313 the Severer (level 13, -3/105 HPs)
             Began as a Minotaur Berserker on Dec 1, 2023.
             Was a High Priest of Trog.
             Engulfed by an ice statue's freezing vapour (23 damage)
             ... in an ice cave.
             The game lasted 00:37:20 (16148 turns).

tbh1313 the Severer (Minotaur Berserker)           Turns: 16148, Time: 00:37:21

Health: -3/105     AC:  9    Str: 27    XL:     13   Next: 24%
Magic:  12/12      EV: 25    Int: 10    God:    Trog [*****.]
Gold:   3014       SH:  0    Dex:  8    Spells: 12/12 levels left

rFire   + . .        b - +12 sling of Change {flame, rN+ Str+3 Int+4 SInv}
rCold   . . .        (no shield)
rNeg    + + .        j - +2 robe {rN+}
rPois   .            (helmet restricted)
rElec   +            e - +1 cloak
rCorr   .            m - +0 pair of gloves
SInv    +            o - +0 pair of boots
Will    .....        (no amulet)
Stlth   ++           f - ring "Qapaph" {rElec rF+ EV+5 Dex-3 Stlth+}
HPRegen 0.37/turn    y - +5 ring of evasion
MPRegen 0.13/turn

%: no passive effects
@: no status effects
A: horns 2, retaliatory headbutt
a: Renounce Religion, Berserk, Trog's Hand, Brothers in Arms


You were in an ice cave.
You worshipped Trog.
Trog was extremely pleased with you.
You visited 2 branches of the dungeon, and saw 17 of its levels.
You also visited: Ice Cave.

You collected 3014 gold pieces.

Inventory:

Hand Weapons
 a - a +3 war axe of flaming
 b - the +12 sling of Change (weapon) {flame, rN+ Str+3 Int+4 SInv}
   (You took it off a kobold on level 3 of the Dungeon)

   Str+3:     It affects your strength (+3).
   Int+4:     It affects your intelligence (+4).
   rN+:       It protects you from negative energy.
   SInv:      It lets you see invisible.
 z - a +5 battleaxe
Missiles
 l - 3 throwing nets
Armour
 e - a +1 cloak (worn)
 j - a +2 robe of positive energy (worn)
 m - a +0 pair of gloves (worn)
 o - a +0 pair of boots (worn)
Jewellery
 c - a ring of see invisible
 f - the ring "Qapaph" (left hand) {rElec rF+ EV+5 Dex-3 Stlth+}
   (You acquired it on level 8 of the Dungeon)

   [ring of evasion]

   EV+5:      It affects your evasion (+5).
   Dex-3:     It affects your dexterity (-3).
   rF+:       It protects you from fire.
   rElec:     It insulates you from electricity.
   Stlth+:    It makes you more stealthy.
 t - a ring of magical power
 y - a +5 ring of evasion (right hand)
Wands
 d - a wand of flame (7)
 r - a wand of polymorph (11)
 u - a wand of acid (17)
 B - a wand of roots (19)
 C - a wand of charming (5)
 H - a wand of mindburst (12)
Scrolls
 i - 12 scrolls of teleportation
 k - 2 scrolls of noise
 p - 6 scrolls of fear
 q - 3 scrolls of poison
 s - a scroll of enchant weapon
 w - 4 scrolls of revelation
 A - 2 scrolls of blinking
 D - 2 scrolls of identify
Potions
 g - 3 potions of heal wounds
 h - a potion of might
 n - 4 potions of attraction
 v - 4 potions of ambrosia
 E - a potion of haste
 F - 3 potions of berserk rage
 G - 3 potions of brilliance
 I - 2 potions of mutation
 J - a potion of curing
Miscellaneous
 x - a phantom mirror


   Skills:
 - Level 7.0 Fighting
 - Level 16.0 Axes
 - Level 14.0 Ranged Weapons
 - Level 6.0 Armour
 + Level 13.0 Dodging


You had 12 spell levels left.
You didn't know any spells.
Your spell library contained the following spells:

 Spells                   Type           Power      Damage    Failure   Level
 Magic Dart               Conj           0%         1d3       36%         1
 Slow                     Hex            0%         N/A       36%         1
 Summon Small Mammal      Summ           0%         N/A       36%         1
 Call Imp                 Summ           0%         N/A       50%         2
 Lesser Beckoning         Tloc           0%         N/A       50%         2
 Static Discharge         Conj/Air       0%         3-3/arc   50%         2
 Call Canine Familiar     Summ           0%         N/A       75%         3
 Confusing Touch          Hex            0%         N/A       75%         3
 Gell's Gravitas          Tloc           0%         N/A       75%         3
 Ignite Poison            Fire/Tmut/Pois 0%         N/A       75%         3
 Inner Flame              Hex/Fire       0%         N/A       75%         3
 Mephitic Cloud           Conj/Pois/Air  0%         N/A       75%         3
 Sigil of Binding         Hex            0%         N/A       75%         3
 Summon Guardian Golem    Hex/Summ       0%         N/A       75%         3
 Teleport Other           Tloc           0%         N/A       75%         3
 Vampiric Draining        Necr           0%         2d6       75%         3
 Volatile Blastmotes      Fire/Tloc      0%         2d10      75%         3
 Airstrike                Air            0%         2d(0-16)  98%         4
 Brom's Barrelling Bould  Conj/Erth      0%         2d3       98%         4
 Flame Wave               Conj/Fire      0%         2d4       98%         4
 Fulminant Prism          Conj/Hex       0%         3d5       98%         4
 Iskenderun's Mystic Bla  Conj/Tloc      0%         2d3       98%         4
 Sticky Flame             Conj/Fire      0%         2d3       98%         4
 Summon Lightning Spire   Summ/Air       0%         N/A       98%         4
 Fireball                 Conj/Fire      0%         3d3       100%        5
 Iskenderun's Battlesphe  Conj           0%         2d6       100%        5
 Conjure Ball Lightning   Conj/Air       0%         3x3d6     100%        6
 Orb of Destruction       Conj           0%         9d5       100%        7
 Ignition                 Fire           0%         3d3       100%        8
 Chain Lightning          Conj/Air       0%         N/A       100%        9
 Fire Storm               Conj/Fire      0%         5d1       100%        9
 Shatter                  Erth           0%         3d5*      100%        9


Dungeon Overview and Level Annotations

Branches:
Dungeon (12/15)            Temple (0/1) D:6            Lair (5/5) D:11
 Shoals (0/4) Lair:2        Snake (0/4) Lair:2        Slime (0/5) Lair:5
  IceCv (1/1)
    Orc: D:9-12

Altars:
Xom

Shops:
D:1 =

Annotations:
IceCv exclusion: ice statue


Innate Abilities, Weirdness & Mutations

You have a pair of horns on your head.
You reflexively headbutt those who attack you in melee.


Message History

The ice statue is lightly damaged.
You shoot a sling bullet. The sling bullet hits the ice statue!
The sling bullet melts the ice statue.
The ice statue is lightly damaged.
The ice statue gestures at you.
You shoot a sling bullet. The sling bullet hits the ice statue.
The sling bullet melts the ice statue.
The ice statue is moderately damaged.
You are engulfed in freezing vapours.
You shoot a sling bullet.
The sling bullet hits the ice statue but does no damage.
The ice statue is moderately damaged.
You are engulfed in freezing vapours.
You are too injured to fight recklessly!
Fire: b) +12 sling of Change {flame, rN+ Str+3 Int+4 SInv}
Press: ? - help, Q - select action, (/) - cycle Shift-Dir - straight line, f/p - ice statue
Aim: an ice statue (moderately damaged, 95% to hit)
You shoot a sling bullet.
The sling bullet hits the ice statue but does no damage.
The ice statue is moderately damaged.
You are engulfed in freezing vapours.
The ice statue gestures.
Fire: b) +12 sling of Change {flame, rN+ Str+3 Int+4 SInv}
Press: ? - help, Q - select action, (/) - cycle Shift-Dir - straight line, f/p - ice statue
Aim: an ice statue (moderately damaged, 95% to hit)
You shoot a sling bullet. The sling bullet hits the ice statue.
The sling bullet melts the ice statue.
The ice statue is moderately damaged.
You are engulfed in freezing vapours.
Fire: b) +12 sling of Change {flame, rN+ Str+3 Int+4 SInv}
Press: ? - help, Q - select action, (/) - cycle Shift-Dir - straight line, f/p - ice statue
Aim: an ice statue (moderately damaged, 95% to hit)
You shoot a sling bullet. The sling bullet hits the ice statue.
The sling bullet melts the ice statue.
The ice statue is moderately damaged.
You are engulfed in freezing vapours.
You are engulfed in freezing vapours.
* * * LOW HITPOINT WARNING * * *
You are engulfed in freezing vapours.
You die... .8.. #... °○Y

##°°
#°° #°#
#°##
##°#
##@#
#..#
#.##
#.##
##.###
#.#.#
#...##
##.#.#
#.##.##


There were no monsters in sight!

Levels and vault maps discovered:
D:1:      elethiomel_arrival_maze, layout_basic, serial_shops,
          nicolae_shop_statue_plus,
          hellmonk_ecumenical_altar_pennies_from_heaven,
          minmay_misc_feat_encased, minmay_cut_off
D:2:      cheibrodos_old_hovel, layout_rooms, kennysheep_generic_room_14
D:3:      layout_basic, minmay_misc_feat_x, small_statue_intersection,
          uniq_sigmund
D:4:      layout_basic, st_stairs_11, minmay_misc_feat_cross, abandoned_shop,
          uniq_crazy_yiuf_cottage
D:5:      kb_forest_paths, layout_basic, serial_bayou_lake_a, uniq_duvessa,
          uniq_eustachio
D:6:      layout_loops_cross, minmay_temple_entry_mist, serial_bayou,
          serial_bayou_pond_d, serial_bayou_crossing, serial_bayou_pond_b,
          serial_bayou_pond_e, uniq_menkaure
D:7:      minmay_octagon_keep, layout_basic, billiards_dpeg
D:8:      kennysheep_ambush_hall, layout_basic, uniq_pikel
D:9:      layout_layer_cave, serial_undead, serial_undead_a, serial_undead_a,
          serial_undead_d, serial_undead_f, serial_undead_d, serial_undead_e,
          corexii_checkpoint, minmay_misc_feat_five, uniq_grum
D:10:     layout_roguey, tgw_xom
D:11:     layout_loops_ring, david_lair_generic
D:12:     layout_cave_pools, david_orc_3, hangedman_corner_corridor,
          uniq_nergalle
Lair:1:   layout_cellular_growth, serial_rivers, chequers_serial_rivers_small_a,
          chequers_serial_rivers_micro_b, chequers_serial_rivers_room_b,
          chequers_serial_rivers_room_a
Lair:2:   layout_cave_pods, minmay_shoals_entry_hut,
          guppyfry_snake_entry_garden, worms_lemuel
Lair:3:   layout_cave_shapes, kennysheep_basilisk_garden, grunt_megastairs_1
Lair:4:   layout_roguey
Lair:5:   gammafunk_lair_ancient_temple, layout_gridlike, slime_entry_1,
          serial_rivers, chequers_serial_rivers_micro_b,
          chequers_serial_rivers_small_b, chequers_serial_rivers_room_a,
          chequers_serial_rivers_micro_c, chequers_serial_rivers_micro_c,
          chequers_serial_rivers_room_b, portal_ice_cave_rime
IceCv:    ice_cave_caverns_01

Notes
Turn   | Place    | Note
-------+----------+-------------------------------------------
     0 | D:1      | tbh1313 the Minotaur Berserker began the quest for the Orb.
     0 | D:1      | Reached XP level 1. HP: 19/19 MP: 0/0
    94 | D:1      | Reached skill level 4 in Axes
   168 | D:1      | Reached XP level 2. HP: 23/26 MP: 1/1
   631 | D:1      | Reached skill level 5 in Axes
   635 | D:1      | Reached ** piety under Trog
   638 | D:1      | Reached XP level 3. HP: 29/31 MP: 2/2
   708 | D:1      | Found Dumy's Jewellery Shop.
   714 | D:1      | Found a faded altar of an unknown god.
  1613 | D:3      | Reached skill level 6 in Axes
  1613 | D:3      | Reached XP level 4. HP: 39/39 MP: 3/3
  2036 | D:3      | Noticed Sigmund
  2045 | D:3      | Killed Sigmund
  2046 | D:3      | Reached skill level 7 in Axes
  2046 | D:3      | Reached XP level 5. HP: 41/45 MP: 4/4
  2057 | D:3      | Reached skill level 8 in Axes
  2270 | D:3      | Identified the +12 sling of Change {flame, rN+ Str+3 Int+4
                  | SInv}
  2802 | D:4      | Reached XP level 6. HP: 51/51 MP: 5/5
  2897 | D:4      | Reached *** piety under Trog
  2898 | D:4      | Reached skill level 1 in Ranged Weapons
  3100 | D:4      | Found a runed translucent door.
  3101 | D:4      | Noticed Crazy Yiuf
  3108 | D:4      | Killed Crazy Yiuf
  3126 | D:4      | Identified the +8 hammer of Taubrepu {freeze, rF- Str+4
                  | Dex+8 Stlth+}
  3363 | D:5      | Entered Level 5 of the Dungeon
  3366 | D:5      | Noticed Duvessa
  3372 | D:5      | Killed Duvessa
  3373 | D:5      | Noticed Dowan
  3376 | D:5      | Killed Dowan
  3377 | D:5      | Reached XP level 7. HP: 57/57 MP: 6/6
  3751 | D:5      | Reached skill level 5 in Ranged Weapons
  4110 | D:5      | Noticed Eustachio
  4115 | D:5      | Killed Eustachio
  4374 | D:5      | Reached XP level 8. HP: 64/64 MP: 7/7
  4619 | D:6      | Identified the +8 trident of the Burning God {venom, rC+
                  | Int+4 SInv}
  5209 | D:6      | Noticed Menkaure
  5211 | D:6      | Killed Menkaure
  5268 | D:6      | Found a staircase to the Ecumenical Temple.
  5275 | D:6      | Reached skill level 10 in Ranged Weapons
  5287 | D:6      | HP: 8/96 [poisoned by a gnoll sergeant]
  5923 | D:7      | Reached XP level 9. HP: 70/70 MP: 8/8
  5942 | D:7      | Reached **** piety under Trog
  6686 | D:8      | Noticed Pikel
  6703 | D:8      | Killed Pikel
  6873 | D:8      | Reached XP level 10. HP: 75/77 MP: 9/9
  7174 | D:8      | Identified 3 scrolls of acquirement
  7177 | D:8      | Acquired the ring "Qapaph" {rElec rF+ EV+5 Dex-3 Stlth+}
  7501 | D:8      | Reached skill level 9 in Axes
  8027 | D:9      | Reached skill level 10 in Axes
  8028 | D:9      | Noticed Grum
  8033 | D:9      | Killed Grum
  8035 | D:9      | Reached ***** piety under Trog
  8058 | D:9      | Acquired 1170 gold pieces
  8059 | D:9      | Acquired 607 gold pieces
  8070 | D:9      | Reached skill level 11 in Axes
  8280 | D:9      | Reached skill level 12 in Axes
  8382 | D:9      | Reached skill level 13 in Axes
  8543 | D:9      | Reached XP level 11. HP: 82/82 MP: 10/10
  9303 | D:10     | Entered Level 10 of the Dungeon
  9533 | D:10     | Reached skill level 14 in Axes
  9546 | D:10     | Noticed a two-headed ogre
  9556 | D:10     | Killed a two-headed ogre
  9951 | D:10     | Found a shimmering altar of Xom.
 10157 | D:11     | Reached skill level 5 in Fighting
 10206 | D:11     | Found a staircase to the Lair.
 10211 | D:11     | Reached skill level 15 in Axes
 11005 | D:12     | Noticed a green ugly thing
 11027 | Lair:1   | Entered Level 1 of the Lair of Beasts
 12315 | Lair:2   | Reached skill level 16 in Axes
 12318 | Lair:2   | Noticed a skyshark
 12327 | Lair:2   | Killed a skyshark
 12353 | Lair:2   | Reached XP level 12. HP: 100/100 MP: 11/11
 12366 | Lair:2   | Reached skill level 5 in Armour
 12826 | Lair:2   | Found a staircase to the Snake Pit.
 12926 | Lair:2   | Found a staircase to the Shoals.
 12937 | Lair:2   | Reached skill level 5 in Dodging
 14403 | Lair:4   | Received a gift from Trog
 14551 | Lair:4   | Identified the +0 leather armour of Zaodd {rN++ Int-5}
 14666 | Lair:4   | Reached skill level 10 in Dodging
 14744 | Lair:4   | Noticed a seven-headed hydra
 14756 | Lair:4   | Killed a two-headed hydra
 14864 | Lair:4   | Noticed a seven-headed hydra
 14879 | Lair:4   | Killed a three-headed hydra
 15264 | Lair:5   | Entered Level 5 of the Lair of Beasts
 15281 | Lair:5   | Reached XP level 13. HP: 105/105 MP: 12/12
 15387 | Lair:5   | Found a frozen archway.
 15522 | IceCv    | Entered an ice cave
 16148 | IceCv    | Engulfed by an ice statue's freezing vapour

Table legend: (Time is in decaauts)
 A = Elapsed time spent in this place.
 B = Non-inter-level travel time spent in this place.
 C = Inter-level travel time spent in this place.
 D = Time resting spent in this place.
 E = Time spent auto-exploring this place.
 F = Levels seen in this place.
 G = Mean time per level.
                   A        B        C        D        E       F      G
               +--------+--------+--------+--------+--------+-----+--------+
         Total |  16158 |  15608 |    550 |   2778 |  10801 |  18 |  897.7 |
       Dungeon |  11072 |  10650 |    422 |   1427 |   7827 |  12 |  922.7 |
          Lair |   4484 |   4356 |    128 |   1132 |   2771 |   5 |  896.8 |
      Ice Cave |    602 |    602 |      0 |    218 |    203 |   1 |  602.0 |
               +--------+--------+--------+--------+--------+-----+--------+

Top non-repeatable levels by time:
     D:9: 1605 daAuts
  Lair:2: 1324 daAuts
     D:6: 1297 daAuts
  Lair:1: 1238 daAuts
     D:1: 1212 daAuts
     D:5: 1180 daAuts
     D:3: 1084 daAuts
     D:8: 1003 daAuts
    D:11: 945 daAuts
  Lair:3: 890 daAuts
     D:7: 870 daAuts
  Lair:4: 789 daAuts
    D:10: 773 daAuts
     D:4: 713 daAuts
   IceCv: 602 daAuts

Table legend:
 A = Kills in this place as a percentage of kills in the entire game.
 B = Kills by you in this place as a percentage of kills by you in the entire game.
 C = Kills by friends in this place as a percentage of kills by friends in the entire game.
 D = Other kills in this place as a percentage of other kills in the entire game.
 E = Experience gained in this place as a percentage of experience gained in the entire game.
 F = Experience gained in this place divided by the number of levels of this place that you have seen.
                   A       B       C       D       E      F
               +-------+-------+-------+-------+-------+----------------------
         Total | 100.0 | 100.0 | 100.0 |   N/A | 100.0 | 2468.0
       Dungeon |  66.5 |  67.4 |   0.0 |   N/A |  37.4 | 1384.6
          Lair |  25.9 |  24.9 | 100.0 |   N/A |  60.3 | 5361.6
      Ice Cave |   7.6 |   7.7 |   0.0 |   N/A |   2.3 | 1001.0
               +-------+-------+-------+-------+-------+----------------------

Action                     |  1- 3 |  4- 6 |  7- 9 | 10-12 | 13-15 || total
---------------------------+-------+-------+-------+-------+-------++-------
  Melee: Hand axe          |    84 |    37 |    83 |    35 |       ||   239
         Headbutt          |    12 |     2 |    12 |    33 |     5 ||    64
         Punch             |     1 |       |     1 |     3 |       ||     5
         War axe           |       |       |       |   185 |    17 ||   202
   Fire: Sling             |       |    35 |   153 |   402 |   117 ||   707
 Invoke: Berserk           |       |     2 |     4 |    14 |     1 ||    21
         Trog's Hand       |       |       |       |     1 |       ||     1
         Brothers in Arms  |       |       |       |     1 |       ||     1
    Use: Scroll            |     4 |       |       |    22 |       ||    26
         Potion            |       |       |     1 |     1 |       ||     2
 Armour: Animal skin       |    36 |       |       |       |       ||    36
         Ring mail         |    12 |    15 |       |       |       ||    27
         Robe              |       |     5 |    71 |   150 |    17 ||   243
  Dodge: Dodged            |    42 |    20 |    79 |   220 |    39 ||   400

Vanquished Creatures
  3 hydras
  A two-headed ogre (D:10)
  A skyshark (Lair:2)
  Pikel (D:8)
  A manticore (Lair:5)
  A cyclops (D:11)
  2 elephants
  3 black mambas
  A torpor snail (Lair:3)
  6 cane toads
  3 unseen horror zombies (D:9)
  2 kobold demonologists
  5 komodo dragons
  4 rime drakes
  2 polar bears
  9 blink frogs
  2 hornets
  2 snapping turtles
  3 dream sheep (Lair:3)
  A vampire (D:11)
  A shadow (D:10)
  Sigmund (D:3)
  A water elemental (Lair:2)
  2 wraiths
  7 wyverns
  Eustachio (D:5)
  7 basilisks
  30 yaks
  Grum (D:9)
  3 steam dragons
  Menkaure (D:6)
  2 swamp worms (Lair:2)
  11 water moccasins
  Duvessa (D:5)
  6 orc warriors
  A sky beast (D:6)
  2 black bears
  An ogre (D:5)
  3 wolves (D:9)
  5 centaurs
  2 kobold brigands
  2 lemures (D:8)
  4 gnoll sergeants
  11 bullfrogs
  4 two-headed ogre simulacra (IceCv)
  3 cane toad simulacra (IceCv)
  A scorpion (D:7)
  13 wights
  Dowan (D:5)
  11 killer bees
  2 electric eels (D:6)
  3 howler monkeys
  A centaur zombie (D:9)
  8 hounds
  2 jellies
  7 orc priests
  A sleepcap (D:7)
  A gnoll bouda (D:8)
  Crazy Yiuf (D:4)
  13 orc wizards
  2 iguanas
  2 polar bear simulacra (IceCv)
  2 spriggan simulacra (IceCv)
  3 troll simulacra (IceCv)
  2 wolf simulacra (IceCv)
  A howler monkey zombie (D:9)
  8 gnolls
  11 adders
  4 naga simulacra (IceCv)
  2 shadow imps
  6 white imps
  4 ufetubi (IceCv)
  2 dart slugs
  30 orcs
  7 ball pythons
  4 endoplasms
  5 giant cockroaches
  8 goblins
  6 hobgoblins
  9 jackals
  4 quokkas
  3 bats
  5 frilled lizards
  14 kobolds
  4 rats
379 creatures vanquished.

Vanquished Creatures (collateral kills)
  A cane toad (Lair:2)
  2 yaks (Lair:2)
  2 nagas (Lair:2)
5 creatures vanquished.

Grand Total: 384 creatures vanquished
